[Event "Early-Titled-Tuesday-Blitz-November-28-2023"]
[Site "Chess.com"]
[Date "2023.11.28"]
[Round "2"]
[White "mbojan"]
[Black "ahkashefi2800"]
[Result "1-0"]
[WhiteElo "2855"]
[BlackElo "2552"]
[TimeControl "180+1"]
[EndTime "8:19:57 PST"]
[Termination "mbojan won on time"]

1. a3 d5 2. d4 Nf6 3. Nf3 c6 4. Bf4 Bf5 5. e3 e6 6. Bd3 Bg6 7. O-O Bd6 8. Bg3 O-O 9. Nbd2 Qe7 10. Qe2 Nbd7 11. e4 dxe4 12. Nxe4 Nxe4 13. Bxe4 Rad8 14. Bh4 Nf6 15. Bxg6 hxg6 16. Rad1 Qc7 17. b4 Rd7 18. Ne5 Bxe5 19. dxe5 Nd5 20. Rc1 Nf4 21. Qe3 Nd5 22. Qg3 Ne7 23. Bxe7 Rxe7 24. Rfd1 Rd8 25. Rd6 Red7 26. Rcd1 Rxd6 27. exd6 Qc8 28. c4 c5 29.
Qg5 b6 30. b5 Rd7 31. Qe5 Qd8 32.
g3 Qf6 33. f4 Qd8 34. Kg2 Qa8+ 35. Kf2 a6 36. Qb2 a5 37. Qe2 Qb7 38. h4 Qb8 39.
Qd3 Qd8 40. Qd2 Qf6 41. Qe3 Qb2+ 42. Rd2 Qb1 43. Qf3 Qc1 44. Qd3 Qh1 45. Qf1 Qxf1+ 46. Kxf1 Kf8 47. Kf2 Ke8 48. Ke3 Rd8 49. Ke4 Kd7 50. a4 Rh8 51. Rd1 Rh5 52. Kf3 Rh6 53. Kg2 Rh5 54. Kh3 Rf5 55. Kg4 e5 56. Rd5 exf4 57.
Rxf5 gxf5+ 58. Kxf4 Kxd6 59. Kxf5 Ke7 60. g4 Kd7 61. h5 Ke7 62. g5 Kf8 63. h6 Kg8 64.
Ke5 Kh7 65. hxg7 Kxg7 66. Kf5 Kg8 67. Kf6 Kf8 68. Ke5 Kg7 69. Kd6 Kg6 70. Kc6 Kxg5 71. Kxb6 f5 72. Kxa5 f4 73. b6 f3 74. b7 f2 75. b8=Q f1=Q 76. Qe5+ Kg4 77. Qxc5 Qe1+ 78. Kb5 Qe8+ 79. Qc6 Qb8+ 80. Qb6 Qe5+ 81. c5 Qe2+ 82.
Ka5 Qd2+ 83. Qb4+ Qxb4+ 84. Kxb4 1-0

[Event "Early-Titled-Tuesday-Blitz-November-28-2023"]
[Site "Chess.com"]
[Date "2023.11.28"]
[Round "2"]
[White "alvarorodriguezavila"]
[Black "Truequitos"]
[Result "0-1"]
[WhiteElo "2219"]
[BlackElo "2493"]
[TimeControl "180+1"]
[EndTime "8:20:03 PST"]
[Termination "Truequitos won on time"]

1. e4 e6 2. d4 c5 3. d5 exd5 4. exd5 d6 5. c4 Nf6 6. Nc3 Be7 7. Bd3 O-O 8. Nge2 Re8 9. O-O Na6 10. a3 Nc7 11. Ng3 a6 12. a4 b6 13. Re1 Bf8 14. Bg5 h6 15. Rxe8 Ncxe8 16. Bd2 g6 17. h3 Bg7 18. Qf3 Nd7 19. Bf1 Qh4 20. Re1 Ne5 21. Qe4 Qxe4 22. Ngxe4 f5 23. Ng3 Kf7 24. f4 Nd7 25. Bd3 Ndf6 26. Kf1 Ra7 27. a5 bxa5 28. Ra1 Rb7 29. Bc1 Rb4 30. Rxa5 Nd7 31. Nge2 Nb6 32. Na2 Nxc4 33. Nxb4 Nxa5 34. Bxa6 Bxa6 35. Nxa6 Nb3 36.
Nb8 Nxc1 37. Nxc1 Bxb2 38. Nd3 Bd4 39. Nc6 Bf6 40. Na5 Nc7 41. Nc4 Ke7 42. Nb6 Bd4 43.
Ne1 g5 44. fxg5 hxg5 45. Nc2 Be5 46. Ke2 Nb5 47. Kd3 Nc3 48. Nc4 Ne4 49. Nxe5 dxe5 50. Kc4 Kd6 51. Ne3 Nd2+ 52. Kd3 Nb3 53. Nxf5+ Kxd5 54. Ne3+ Ke6 55. Ke4 Nd2+ 56. Kd3 Nb3 57. Kc4 Nd4 58.
Kxc5 Nf5 59. Nf1 Nh4 60. Kc4 Nxg2 61. Kd3 Nf4+ 62. Ke4 Nxh3 63. Ne3 Nf2+ 64. Kf3 Nd3 65. Ke4 Nc5+ 66. Kf3 Kf6 67. Kg4 Kg6 68. Nc4 e4 69.
Ne3 Nd7 70. Nc4 Nf6+ 71. Kg3 Kf5 72. Ne3+ Ke5 73. Kf2 Kf4 74. Ng2+ Ke5 75. Ke2 Nd5 76.
Ne1 Nf4+ 77. Ke3 Nd5+ 78. Ke2 Kf4 79. Ng2+ Kg3 80. Ne1 g4 81. Nc2 Kf4 82. Nd4 g3 83. Ne6+ Kg4 84. Kf1 Nf4 85. Nd4 g2+ 86. Kg1 Kh3 87.
Nf5 Ne2+ 0-1

[Event "Early-Titled-Tuesday-Blitz-November-28-2023"]
[Site "Chess.com"]
[Date "2023.11.28"]
[Round "2"]
[White "jcibarra"]
[Black "AlexPapasimakopoulos"]
[Result "1/2-1/2"]
[WhiteElo "2897"]
[BlackElo "2590"]
[TimeControl "180+1"]
[EndTime "8:21:06 PST"]
[Termination "Game drawn by repetition"]

1. e4 e6 2. d4 d5 3. Nc3 Bb4 4. Ne2 Nc6 5. a3 Ba5 6. b4 Bb6 7. Bb2 Nge7 8. Qd2 O-O 9. Na4 Bd7 10. Nxb6 axb6 11. e5 f6 12. exf6 Rxf6 13. Ng3 Be8 14. Be2 Bg6 15. Nh5 Bxh5 16. Bxh5 Qd6 17. h3 Raf8 18. O-O Ng6 19. g3 e5 20. Bxg6 Rxg6 21. b5 Nxd4 22. Bxd4 exd4 23. Qxd4 Rf3 24. Kh1 h5 25.
Rad1 Rg5 26. c4 Rxa3 27. cxd5 Rf3 28. Rfe1 Rgf5 29. Re6 Qd7 30. Qe4 Rxf2 31. d6 Rf1+ 32. Rxf1 Rxf1+ 33. Kg2 Rf8 34. Qd5 Qf7 35. Re5 cxd6 36.
Qxf7+ Kxf7 37. Rxh5 Rc8 38. Rd5 Ke6 39. Rg5 Kf6 40. Rd5 Ke6 41. Rg5 Rc7 42. Kf3 Kf6 43.
Rd5 Ke6 44. Rg5 Kf6 45. Rd5 Ke6 46. Ke4 Rc3 47. Rd3 Rc5 48. Rb3 d5+ 49. Kf3 Ke5 50. Re3+ Kf6 51. h4 d4 52. Rd3 Ke5 53. Rd1 Rxb5 54.
Re1+ Kd6 55. Re4 Rd5 56. Ke2 d3+ 57. Kd2 b5 58. Rg4 g5 59. hxg5 Ke7 60. Rf4 Rxg5 61. Kxd3 Rxg3+ 62. Kd4 Kd6 63. Rf6+ Kc7 64. Kc5 Rg5+ 65.
Kb4 Re5 66. Rg6 Rd5 67. Ka5 Kc8 68. Rh6 Rc5 69. Rg6 Rc6 70. Rg5 b4 71. Kxb4 Kc7 72.
Rg7+ Kb8 73. Kb5 Ka7 74. Rg1 Rb6+ 75. Ka5 Ra6+ 76. Kb5 Rb6+ 77. Ka5 Rh6 78. Kb5 Rh5+ 79. Kb4 Ka6 80. Rg6+ b6 81. Rg4 Rf5 82. Re4 Rf1 83.
Re8 Rb1+ 84. Ka3 Ka5 85. Ra8+ Kb5 86. Rh8 Rc1 87. Kb3 Rc5 88. Rh4 Rg5 89. Rb4+ Ka5 90.
Ra4+ Kb5 91. Rb4+ Ka6 92. Ra4+ Ra5 93. Rb4 Rc5 94. Ra4+ Kb5 95. Rh4 Rf5 96. Rh3 Kc5 97. Rc3+ Kd6 98. Kb4 Rd5 99. Rc1 Kd7 100. Rc2 Rd1 101. Kb5 Rb1+ 102. Ka6 Kd6 103. Rc3 Kd5 104. Rc2 b5 105.
Ka5 Kd4 106. Rc8 b4 107. Ka4 Kd3 108. Rc7 Rb2 109. Rc8 b3 110. Ka3 Rb1 111. Rc7 Kd2 112. Rc8 Kd3 113. Rc7 Ke2 114. Rd7 Rd1 115. Re7+ Kd3 116. Kxb3 Rb1+ 117. Ka2 Rb6 118. Rc7 Kd2 119. Ka3 Rb8 120. Ka4 Rb1 121. Ka3 Rb8 122. Ka4 Rb1 123. Ka3 Rb8 1/2-1/2

[Event "Early-Titled-Tuesday-Blitz-November-28-2023"]
[Site "Chess.com"]
[Date "2023.11.28"]
[Round "2"]
[White "Mystery2007"]
[Black "Felix-Rose"]
[Result "1-0"]
[WhiteElo "2577"]
[BlackElo "2347"]
[TimeControl "180+1"]
[EndTime "8:21:32 PST"]
[Termination "Mystery2007 won by checkmate"]

1. Nf3 d5 2. b3 Nf6 3. Bb2 e6 4. g3 c5 5. Bg2 Bd6 6. O-O Qe7 7. d4 O-O 8. dxc5 Bxc5 9. Nbd2 b6 10. Ne5 Bb7 11. c4 Ba3 12. Bxa3 Qxa3 13. cxd5 Bxd5 14. Ndc4 Qc5 15. Nd3 Qe7 16. Bxd5 Nxd5 17. e4 Nb4 18. Nde5 Rd8 19. Qh5 N8c6 20. Rfd1 g6 21. Qh6 Nxe5 22. Nxe5 f6 23. Ng4 e5 24. Qh4 Kg7 25. Qh6+ Kg8 26. h4 Nc2 27. Rac1 Rxd1+ 28. Rxd1 Nd4 29. Ne3 Rc8 30.
Nd5 Qg7 31. Qe3 Rc2 32. Kg2 Rxa2 33. Qc3 Rc2 34. Qb4 Qf7 35. Qd6 Kg7 36. h5 gxh5 37.
Ne3 Rc6 38. Qd8 Qc7 39. Qe8 Qf7 40. Qa8 Rc7 41. Qb8 Rb7 42. Qd6 Kg6 43. Qb4 a5 44. Qa4 Qxb3 45. Rxd4 Qxa4 46. Rxa4 b5 47. Rxa5 b4 48. Ra1 b3 49. Rb1 h4 50. Rb2 hxg3 51. Kxg3 Kg5 52. Nd5 h5 53. Ne3 h4+ 54. Kf3 h3 55.
Nf1 f5 56. exf5 Kxf5 57. Ne3+ Kg5 58. Kg3 e4 59. Kxh3 Kf4 60. Kg2 Rg7+ 61. Kf1 Rb7 62.
Ke2 Rb4 63. Nd1 Ke5 64. Ke3 Rb5 65. Nc3 Rb4 66. Ne2 Kd5 67. Nf4+ Ke5 68. Ne2 Kd5 69.
Nc1 Kc4 70. Rxb3 Ra4 71. Rb2 Kd5 72. Ne2 Ke5 73. Rb3 Ra2 74. Rb5+ Ke6 75. Nc3 Ra3 76. Kd4 e3 77. fxe3 Ra4+ 78. Kd3 Ra6 79. e4 Rd6+ 80. Nd5 Ra6 81. Kd4 Ra1 82. Rb4 Rd1+ 83. Ke3 Ke5 84. Nc3 Re1+ 85. Ne2 Ra1 86. Rb5+ Ke6 87. Kf4 Re1 88.
Nd4+ Ke7 89. Ke5 Rd1 90. Rb7+ Kd8 91. Ne6+ Kc8 92. Rc7+ Kb8 93. Rc2 Kb7 94. Nd4 Rh1 95. Kd5 Rh8 96. e5 Rd8+ 97. Ke4 Re8 98. e6 Kb6 99. Ke5 Rd8 100. Nf5 Rh8 101. e7 Re8 102.
Ke6 Kb5 103. Kd7 Ra8 104. e8=N Ra7+ 105. Nc7+ Kb4 106. Nd6 Kb3 107. Rc6 Ra4 108. Ke6 Rb4 109. Kd5 Ka4 110. Ne6 Rb3 111. Nc5+ Ka3 112. Nxb3 Kxb3 113. Kd4 Ka4 114. Rb6 Ka5 115. Rb1 Ka4 116. Kc3 Ka5 117. Kc4 Ka6 118. Kc5 Ka7 119. Kc6 Ka8 120. Kc7 Ka7 121. Ra1# 1-0

[Event "Early-Titled-Tuesday-Blitz-November-28-2023"]
[Site "Chess.com"]
[Date "2023.11.28"]
[Round "3"]
[White "BabyAnton"]
[Black "Thormento16"]
[Result "0-1"]
[WhiteElo "2534"]
[BlackElo "2362"]
[TimeControl "180+1"]
[EndTime "8:23:33 PST"]
[Termination "Thormento16 won by resignation"]

1. b3 e5 2. Bb2 Nc6 3. e3 Nf6 4. c4 d5 5. cxd5 Nxd5 6. a3 Be7 7. Qc2 O-O 8. Nf3 Be6 9. Nxe5 Nxe5 10. Bxe5 Bf6 11. Bxf6 Qxf6 12. d4 c5 13. Nd2 cxd4 14.
Ne4 Qg6 0-1

[Event "Early-Titled-Tuesday-Blitz-November-28-2023"]
[Site "Chess.com"]
[Date "2023.11.28"]
[Round "3"]
[White "ElVital"]
[Black "betta2004"]
[Result "0-1"]
[WhiteElo "2406"]
[BlackElo "2586"]
[TimeControl "180+1"]
[EndTime "8:23:57 PST"]
[Termination "betta2004 won by resignation"]

1. e4 e5 2. Nf3 Nf6 3. Nxe5 Nc6 4. Nxc6 dxc6 5. Nc3 Bc5 6. Be2 h5 7. d3 Ng4 8. Bxg4 hxg4 9. Qe2 Qd6 10. g3 Be6 11.
Bf4 Qd4 12. Be3 Qb4 13. Bxc5 Qxb2 14. O-O Qxc3 15. d4 Bc4 16. Qe1 Qf3 0-1

[Event "Early-Titled-Tuesday-Blitz-November-28-2023"]
[Site "Chess.com"]
[Date "2023.11.28"]
[Round "3"]
[White "Laico"]
[Black "cthake"]
[Result "1-0"]
[WhiteElo "2337"]
[BlackElo "1908"]
[TimeControl "180+1"]
[EndTime "8:24:06 PST"]
[Termination "Laico won by resignation"]

1. e4 e6 2. d4 d5 3. Nd2 Nf6 4. Bd3 c5 5. e5 Nfd7 6. c3 Nc6 7. Ne2 f6 8. Nf4 Qe7 9. Qh5+ Kd8 10. Ng6 hxg6 11. Qxh8 cxd4 12. exf6 Qxf6 13. Nf3 dxc3 14.
Bg5 cxb2 15. Rb1 1-0

[Event "Early-Titled-Tuesday-Blitz-November-28-2023"]
[Site "Chess.com"]
[Date "2023.11.28"]
[Round "3"]
[White "RodokininEV"]
[Black "Tobias_Koelle"]
[Result "1/2-1/2"]
[WhiteElo "2608"]
[BlackElo "2855"]
[TimeControl "180+1"]
[EndTime "8:24:17 PST"]
[Termination "Game drawn by agreement"]

1. d4 e6 2. c4 Bb4+ 3. Bd2 a5 4. g3 c5 5. dxc5 Na6 6. Bg2 Nxc5 7.
Nf3 Nf6 8. O-O Bxd2 9. Qxd2 O-O 10. Nc3 b6 11. Rfd1 Bb7 12. b3 Rc8 13. Rac1 Qc7 14. Nb5 Qb8 15. Qd6 Qa8 16. Qxb6 Nfe4 17. Qa7 d5 18.
Qxa8 Bxa8 1/2-1/2

[Event "Early-Titled-Tuesday-Blitz-November-28-2023"]
[Site "Chess.com"]
[Date "2023.11.28"]
[Round "3"]
[White "arenal72"]
[Black "bescmelasti"]
[Result "0-1"]
[WhiteElo "2493"]
[BlackElo "2652"]
[TimeControl "180+1"]
[EndTime "8:24:21 PST"]
[Termination "bescmelasti won by resignation"]

1. Nf3 c5 2. g3 Nf6 3. Bg2 g6 4.
O-O Bg7 5. d3 O-O 6. e4 d5 7. Nbd2 Nc6 8. c3 e5 9. a4 Re8 10. exd5 Nxd5 11. Nc4 h6 12. Re1 Qc7 13. Nfxe5 Nxe5 14. Bxd5 Bg4 15. f3 Bxf3 16. Bxf3 Nxf3+ 17. Qxf3 Rxe1+ 18. Kf2 Rae8 19. Ne3 R8xe3 0-1

[Event "Early-Titled-Tuesday-Blitz-November-28-2023"]
[Site "Chess.com"]
[Date "2023.11.28"]
[Round "3"]
[White "TedBelanoff"]
[Black "Alen_Yeremyann"]
[Result "0-1"]
[WhiteElo "2327"]
[BlackElo "2776"]
[TimeControl "180+1"]
[EndTime "8:24:29 PST"]
[Termination "Alen_Yeremyann won by checkmate"]

1. b4 e6 2. a3 Nf6 3. Bb2 Be7 4. g3 O-O 5. Bg2 d5 6. Nf3 a5 7. O-O axb4 8. axb4 Rxa1 9. Bxa1 Bxb4 10. Ne5 Be7 11. f4 Nbd7 12. d3 Nxe5 13. fxe5 Ng4 14. Qd2 Bg5 15. Qb4 Be3+ 16. Kh1 Nf2+ 17. Rxf2 Bxf2 18. Nd2 Be3 19. Nf1 Bg5 20. h4 Be7 21. Qg4 f5 22. Qh3 f4 23. g4 Bxh4 24. Nh2 Bg3 25. Nf3 c5 26. e4 dxe4 27. Nd2 exd3 28. Be4 h6 29.
Qh5 Qe8 30. Bg6 Qc6+ 31. Be4 dxc2 32. Bb2 Qe8 33. Bg6 Qd7 34. Bc1 b5 35. g5 Bb7+ 36. Kg1 Qd4+ 37. Kf1 Qf2# 0-1

[Event "Early-Titled-Tuesday-Blitz-November-28-2023"]
[Site "Chess.com"]
[Date "2023.11.28"]
[Round "3"]
[White "IwkooO"]
[Black "Truequitos"]
[Result "1-0"]
[WhiteElo "2648"]
[BlackElo "2488"]
[TimeControl "180+1"]
[EndTime "8:24:32 PST"]
[Termination "IwkooO won by resignation"]

1. e4 e6 2. b3 d5 3. Nc3 dxe4 4. Bb2 Nf6 5. Qe2 Bb4 6. O-O-O Qe7 7. Nxe4 Nxe4 8.
Qxe4 Ba3 9. Qa4+ Bd7 10. Qxa3 Qxa3 11. Bxa3 a5 12. Bb2 a4 13. Bxg7 Rg8 14. Bc3 Na6 15.
Bxa6 Rxa6 16. g3 Bc6 17. f3 Kd7 18. Rf1 axb3 19. axb3 Rga8 20. Ne2 Bb5 21. d3 Ra2 22. Kd2 1-0

[Event "Early-Titled-Tuesday-Blitz-November-28-2023"]
[Site "Chess.com"]
[Date "2023.11.28"]
[Round "3"]
[White "crosky"]
[Black "Gentlejimmy7"]
[Result "1-0"]
[WhiteElo "2327"]
[BlackElo "2533"]
[TimeControl "180+1"]
[EndTime "8:24:48 PST"]
[Termination "crosky won by resignation"]

1. c4 f5 2. g3 Nf6 3. Bg2 g6 4. Nc3 Bg7 5. d4 O-O 6. Nh3 d6 7. d5 c6 8. Nf4 Na6 9. h4 Nc7 10. h5 g5 11. h6 Bh8 12. Nh3 g4 13. Nf4 e5 14. dxe6 Nxe6 15. Be3 Nxf4 16. Bxf4 Ne8 17. O-O Be6 18. Qd3 Qe7 19. e4 fxe4 20. Nxe4 Rd8 21. Rfe1 Qf7 22. Ng5 Qf5 23. Qe2 Bf7 24. Be4 1-0

[Event "Early-Titled-Tuesday-Blitz-November-28-2023"]
[Site "Chess.com"]
[Date "2023.11.28"]
[Round "3"]
[White "Burovic00"]
[Black "Byniolus"]
[Result "0-1"]
[WhiteElo "2559"]
[BlackElo "2822"]
[TimeControl "180+1"]
[EndTime "8:24:51 PST"]
[Termination "Byniolus won by resignation"]

1. e4 d6 2. Nc3 Nf6 3. f4 d5 4. e5 d4 5. Nb5 Nd5 6. Nxd4 Nxf4 7. Ngf3 c5 8. Nb3 e6 9. d4 Ng6 10. dxc5 Qxd1+ 11. Kxd1 Nc6 12. Bb5 Bd7 13. Bxc6 Bxc6 14. Re1 O-O-O+ 15. Bd2 Nf4 16. Nfd4 Nxg2 17. Nxc6 bxc6 18.
Re4 Be7 19. Rg4 Ne3+ 0-1

[Event "Early-Titled-Tuesday-Blitz-November-28-2023"]
[Site "Chess.com"]
[Date "2023.11.28"]
[Round "3"]
[White "salomez"]
[Black "LionKing2367890"]
[Result "1-0"]
[WhiteElo "2405"]
[BlackElo "2206"]
[TimeControl "180+1"]
[EndTime "8:24:54 PST"]
[Termination "salomez won by resignation"]

1. e4 e5 2. Nf3 Nc6 3. d4 exd4 4. Nxd4 Nf6 5. Nxc6 bxc6 6. Bd3 d5 7. exd5 cxd5 8.
O-O Be7 9. c4 O-O 10. cxd5 Qxd5 11. Nc3 Qd7 12. Qf3 Rb8 13. Rd1 Bb7 14. Bxh7+ Kxh7 15. Rxd7 Bxf3 16. Rxe7 Ba8 1-0

[Event "Early-Titled-Tuesday-Blitz-November-28-2023"]
[Site "Chess.com"]
[Date "2023.11.28"]
[Round "3"]
[White "F-Ghaith2021"]
[Black "defenceboy"]
[Result "0-1"]
[WhiteElo "2515"]
[BlackElo "2828"]
[TimeControl "180+1"]
[EndTime "8:24:55 PST"]
[Termination "defenceboy won by resignation"]

1. e4 c6 2. d4 d5 3. exd5 cxd5 4.
Bd3 Nc6 5. c3 Qc7 6. Nf3 Bg4 7.
O-O e6 8. h3 Bh5 9. Nbd2 Bd6 10. Re1 Nge7 11. b4 h6 12. b5 Na5 13. Bb2 O-O 14. a4 Rac8 15. Rc1 Bf4 16. g4 Bg6 17. Qe2 Nc4 18. Bxc4 dxc4 19. Rcd1 Bd3 0-1

[Event "Early-Titled-Tuesday-Blitz-November-28-2023"]
[Site "Chess.com"]
[Date "2023.11.28"]
[Round "3"]
[White "kereswasbest"]
[Black "Haykoooo0o"]
[Result "0-1"]
[WhiteElo "2244"]
[BlackElo "2417"]
[TimeControl "180+1"]
[EndTime "8:24:55 PST"]
[Termination "Haykoooo0o won by checkmate"]

1. d4 Nf6 2. c4 e6 3. Nc3 d5 4. Bg5 Be7 5. cxd5 exd5 6. e3 c6 7.
Qc2 Na6 8. O-O-O g6 9. f3 O-O 10.
h4 Nb4 11. Qb1 a5 12. a3 Na6 13. Bd3 b5 14. h5 b4 15. axb4 axb4 16. Na4 c5 17.
Nxc5 Bxc5 18. dxc5 Nxc5 19. hxg6 fxg6 20. Bxg6 Nb3+ 21.
Kc2 Qc7+ 22. Kd3 Qc4# 0-1

[Event "Early-Titled-Tuesday-Blitz-November-28-2023"]
[Site "Chess.com"]
[Date "2023.11.28"]
[Round "3"]
[White "WindWhistler11"]
[Black "GMthekingindian"]
[Result "1-0"]
[WhiteElo "2553"]
[BlackElo "2311"]
[TimeControl "180+1"]
[EndTime "8:25:09 PST"]
[Termination "WindWhistler11 won by checkmate"]

1. Nf3 d5 2. c4 c6 3. g3 Nf6 4. Bg2 Bf5 5. b3 h6 6. Bb2 e6 7. O-O Be7 8. Na3 Nbd7 9. d3 a5 10. Nc2 O-O 11. a3 b5 12. Nfd4 Qb6 13. Nxf5 exf5 14.
cxd5 cxd5 15. Ne3 Qe6 16. Nc2 Nb6 17. Nd4 Qd7 18. Qd2 g5 19. Bh3 g4 20. Qxh6 gxh3 21. Qg5+ Kh7 22. Nxf5 Rg8 23. Qh6# 1-0

[Event "Early-Titled-Tuesday-Blitz-November-28-2023"]
[Site "Chess.com"]
[Date "2023.11.28"]
[Round "3"]
[White "LeoWin2012"]
[Black "robertoalejandro10"]
[Result "1-0"]
[WhiteElo "2276"]
[BlackElo "2459"]
[TimeControl "180+1"]
[EndTime "8:25:43 PST"]
[Termination "LeoWin2012 won by resignation"]

1. b3 Nf6 2. Bb2 g6 3. c4 Bg7 4. d3 c5 5. Nd2 O-O 6. g3 Nc6 7. Bg2 b6 8. e3 Bb7 9. Ne2 d5 10. O-O dxc4 11. dxc4 Qc7 12. Nf4 Rfd8 13. Bxf6 exf6 14.
Nd5 Qc8 15. Qc2 Re8 16. Rad1 Ne5 17. Nf3 h5 18. Nxe5 Rxe5 19. Qd2 Rb8 20. Nf4 Bxg2 21. Kxg2 Qb7+ 22. Kg1 Rbe8 23. Qd7 Qa6 24. Rd2 R5e7 25. Qc6 Qa5 26. Rfd1 Bh6 27. Rd8 Rxd8 28. Rxd8+ Kg7 29.
Nd5 Qb5 30. Qxb5 1-0

[Event "Early-Titled-Tuesday-Blitz-November-28-2023"]
[Site "Chess.com"]
[Date "2023.11.28"]
[Round "3"]
[White "OK97"]
[Black "Jospem"]
[Result "0-1"]
[WhiteElo "2780"]
[BlackElo "3051"]
[TimeControl "180+1"]
[EndTime "8:25:46 PST"]
[Termination "Jospem won by resignation"]

1. e4 c5 2. Nf3 d6 3. Bb5+ Nd7 4. O-O a6 5. Be2 Ngf6 6. d3 b6 7. c4 Bb7 8. Nc3 g6 9. Qc2 Bg7 10. Be3 O-O 11. h3 Ne5 12. d4 cxd4 13. Nxd4 Rc8 14. Qb3 Nxe4 15. Nd5 b5 16. Rac1 Nc5 17. Qa3 Nxc4 18.
Bxc4 bxc4 0-1

[Event "Early-Titled-Tuesday-Blitz-November-28-2023"]
[Site "Chess.com"]
[Date "2023.11.28"]
[Round "3"]
[White "seopie"]
[Black "GoltsevDmitry2000"]
[Result "1-0"]
[WhiteElo "2873"]
[BlackElo "2680"]
[TimeControl "180+1"]
[EndTime "8:25:46 PST"]
[Termination "seopie won by resignation"]

1. d4 Nf6 2. c4 e6 3. Nc3 Bb4 4. e3 b6 5. Ne2 Bb7 6. a3 Be7 7. Nf4 O-O 8. Bd3 a5 9. O-O d6 10. b3 Nbd7 11. Bc2 e5 12. Nfd5 c6 13.
Nxe7+ Qxe7 14. e4 exd4 15. Qxd4 Nc5 16. Bb2 Qe5 17. Rad1 Rad8 18. f4 Qxd4+ 19. Rxd4 Ne6 20. Rd2 Rfe8 21. g3 Nc5 22. Rd4 Ne6 23. Rd2 Nc5 24. Re1 d5 25. e5 Nfe4 26. Nxe4 Nxe4 27. Rde2 Nc5 28. cxd5 cxd5 29. Bd4 Ne6 30. Bxb6 Ra8 31. Rd2 Rec8 32. Bf5 Rc3 33. Re3 Rac8 34. Rxc3 Rxc3 35. Bc2 a4 36. bxa4 Rxa3 37. a5 Ra1+ 38. Kf2 Ra2 39. Ke2 d4 40. Bxh7+ 1-0

[Event "Early-Titled-Tuesday-Blitz-November-28-2023"]
[Site "Chess.com"]
[Date "2023.11.28"]
[Round "3"]
[White "ThePeacefulPanda"]
[Black "InitiatingASC"]
[Result "0-1"]
[WhiteElo "2538"]
[BlackElo "2335"]
[TimeControl "180+1"]
[EndTime "8:25:46 PST"]
[Termination "InitiatingASC won by resignation"]

1. d4 Nf6 2. c4 e6 3. Nf3 c5 4.
Nc3 cxd4 5. Nxd4 a6 6. g3 Nc6 7.
Bg2 Bc5 8. Nxc6 bxc6 9. O-O O-O 10. b3 d5 11. Na4 Be7 12. Be3 Bb7 13. Nc5 Qc7 14.
Nxb7 Qxb7 15. Qc2 Rfc8 16. Rad1 a5 17. Bd4 Qa6 18. Rc1 a4 19. e4 dxe4 20. Bxf6 axb3 21. Bxe4 bxc2 0-1

[Event "Early-Titled-Tuesday-Blitz-November-28-2023"]
[Site "Chess.com"]
[Date "2023.11.28"]
[Round "3"]
[White "DDTerziev04"]
[Black "The_Sherman_Variation"]
[Result "1-0"]
[WhiteElo "2139"]
[BlackElo "2515"]
[TimeControl "180+1"]
[EndTime "8:25:58 PST"]
[Termination "DDTerziev04 won on time"]

1. d4 d5 2. Nf3 c5 3. e3 Nc6 4. Be2 Nf6 5. O-O Bg4 6. b3 cxd4 7. Nxd4 Bxe2 8. Qxe2 Nxd4 9. exd4 e6 10. Bb2 Bd6 11.
c4 O-O 12. c5 Bc7 13. Nd2 Re8 14. f4 Ba5 15. Nf3 Ne4 16. a3 Bc7 17. Nd2 1-0

[Event "Early-Titled-Tuesday-Blitz-November-28-2023"]
[Site "Chess.com"]
[Date "2023.11.28"]
[Round "3"]
[White "zozik"]
[Black "Nechitaylo_Nikita"]
[Result "0-1"]
[WhiteElo "2357"]
[BlackElo "2211"]
[TimeControl "180+1"]
[EndTime "8:26:13 PST"]
[Termination "Nechitaylo_Nikita won by resignation"]

1. d4 Nf6 2. Nf3 e6 3. g3 d5 4. Bg2 c5 5. O-O Nc6 6. c4 dxc4 7. Qa4 cxd4 8. Ne5 Bd7 9. Nxc6 Qb6 10. Qxc4 Bxc6 11.
Rd1 Bc5 12. a3 a5 13. Nd2 Bb5 14. Qc2 Bxe2 15. Nc4 Bxd1 16. Nxb6 Bxc2 17. Nxa8 Kd7 18. Bxb7 Be4 19. Bxe4 Nxe4 20. b4 Ba7 21. bxa5 Rxa8 22. Bb2 d3 0-1

[Event "Early-Titled-Tuesday-Blitz-November-28-2023"]
[Site "Chess.com"]
[Date "2023.11.28"]
[Round "3"]
[White "spotbet"]
[Black "dmosesov"]
[Result "0-1"]
[WhiteElo "2428"]
[BlackElo "2612"]
[TimeControl "180+1"]
[EndTime "8:26:14 PST"]
[Termination "dmosesov won by resignation"]

1. e4 Nf6 2. e5 Nd5 3. d4 d6 4. exd6 cxd6 5. h3 g6 6. Nf3 Bg7 7. Be2 O-O 8. c4 Nb6 9. O-O Nc6 10. Nc3 e5 11. Be3 h6 12. Rc1 Bf5 13. dxe5 dxe5 14.
Qxd8 Rfxd8 15. Bxb6 axb6 16. a3 Nd4 17. Nxd4 exd4 18.
Nd5 d3 19. Bf3 Bxb2 20. Rb1 Bd4 21. Ne7+ Kf8 22. Nxf5 gxf5 23. Rfd1 Rxa3 24. Bxb7 Re8 25. Rb5 Bc5 26. Bf3 f4 27. Rb2 Rc3 28. Bd5 Rc2 29.
Rd2 Re1+ 30. Kh2 Re2 31. Rxe2 dxe2 32. Rb1 Bxf2 0-1

[Event "Early-Titled-Tuesday-Blitz-November-28-2023"]
[Site "Chess.com"]
[Date "2023.11.28"]
[Round "3"]
[White "Gabix_94"]
[Black "VincentKeymer"]
[Result "0-1"]
[WhiteElo "2751"]
[BlackElo "3020"]
[TimeControl "180+1"]
[EndTime "8:26:16 PST"]
[Termination "VincentKeymer won by resignation"]

1. d4 Nf6 2. Nc3 d5 3. Bf4 g6 4. h3 Bg7 5. e3 O-O 6. Nf3 c5 7. Be2 cxd4 8. exd4 Qb6 9. Rb1 Nc6 10. O-O Bf5 11. a3 Rac8 12. Re1 e6 13. Na4 Qa5 14. Nc5 Nxd4 15. Nxd4 Qxc5 16. b4 Qb6 17.
Be3 Qc7 18. Nxf5 gxf5 19. Rc1 Ne4 20. c4 Nc3 21. Qd2 Nxe2+ 22. Qxe2 dxc4 23. b5 Rfd8 24. a4 c3 25. Rc2 Qc4 26. Qh5 Qxa4 27. Rec1 f4 28.
Qg4 Rc4 29. Rd1 Rf8 0-1

[Event "Early-Titled-Tuesday-Blitz-November-28-2023"]
[Site "Chess.com"]
[Date "2023.11.28"]
[Round "3"]
[White "LileKoridze"]
[Black "djano"]
[Result "0-1"]
[WhiteElo "2364"]
[BlackElo "2569"]
[TimeControl "180+1"]
[EndTime "8:26:17 PST"]
[Termination "djano won by resignation"]

1. d4 d5 2. c4 e6 3. Nf3 c5 4. cxd5 exd5 5. g3 Nf6 6. Bg2 Nc6 7. O-O cxd4 8. Nxd4 Be7 9. Nc3 O-O 10. b3 Re8 11.
Bb2 Bg4 12. h3 Bh5 13. g4 Bg6 14. Qd2 Bc5 15. e3 Nxd4 16. exd4 Bb4 17. a3 Ne4 18. Bxe4 Bxc3 19. Bxc3 Bxe4 20. f3 Bg6 21. Rfe1 Qh4 22.
Kg2 h6 23. Rxe8+ Rxe8 24. Re1 Rc8 25. Re5 Qd8 26. Qe3 f6 27. Re6 Bf7 28. Bb4 Rc2+ 29. Kg1 Bxe6 30. Qxe6+ Kh8 31. Qf7 Qc7 32. Qe8+ Kh7 33.
Kf1 Qg3 0-1

[Event "Early-Titled-Tuesday-Blitz-November-28-2023"]
[Site "Chess.com"]
[Date "2023.11.28"]
[Round "3"]
[White "RebecaJimnz"]
[Black "Kostya0705"]
[Result "1-0"]
[WhiteElo "2305"]
[BlackElo "2532"]
[TimeControl "180+1"]
[EndTime "8:26:18 PST"]
[Termination "RebecaJimnz won by resignation"]

1. e4 c5 2. Nc3 e6 3. g3 Nc6 4. Bg2 g6 5. Nge2 Bg7 6. d3 Nge7 7. Be3 d6 8. Qd2 h5 9. h3 a6 10. O-O b5 11. f4 b4 12. Nd1 O-O 13. f5 exf5 14. exf5 Bxf5 15. Rxf5 gxf5 16. Bh6 Qd7 17. Bxg7 Kxg7 18. Qg5+ Ng6 19. Nf4 Rh8 20. Ne3 Rae8 21.
Nxf5+ Kf8 22. Nxg6+ fxg6 23. Qf6+ Qf7 24. Qxh8+ 1-0

[Event "Early-Titled-Tuesday-Blitz-November-28-2023"]
[Site "Chess.com"]
[Date "2023.11.28"]
[Round "3"]
[White "DuleMudule"]
[Black "erugee"]
[Result "1-0"]
[WhiteElo "2808"]
[BlackElo "2328"]
[TimeControl "180+1"]
[EndTime "8:26:22 PST"]
[Termination "DuleMudule won by resignation"]

1. d4 d5 2. Bg5 Qd6 3. c3 Nf6 4. e3 g6 5. Bd3 Bg7 6. f4 Ne4 7.
Bxe4 dxe4 8. Nd2 f5 9. Ne2 Be6 10. O-O Bf7 11. b3 h5 12. Nc4 Qd7 13. Ne5 Bxe5 14.
fxe5 Nc6 15. c4 O-O-O 16. Qe1 Kb8 17. e6 Bxe6 18. d5 Ne5 19. dxe6 Qxe6 20. Nf4 Qf7 21. Qc3 Qg7 22. Rac1 Rd6 23. Nd5 Re8 24. Bf4 Re6 25.
h4 Kc8 26. Kh1 Nd3 27. Qxg7 1-0